 Dungeon Crawl Stone Soup version 0.27-a0-1202-ge72e49191c (webtiles) character file.

Game seed: 5122738612234076213

85113 Strat the Placeless Gnoll (level 15, -4/122 HPs)
             Began as a Gnoll Air Elementalist on June 3, 2021.
             Was a Believer of Ashenzari.
             Slain by Louise
             ... wielding a +4 demon trident of freezing
              (5 damage)
             ... while petrified by Jorgrun
             ... on level 14 of the Dungeon.
             The game lasted 01:34:55 (40253 turns).

Strat the Placeless Gnoll (Gnoll Air Elementalist) Turns: 40253, Time: 01:34:55

Health: -4/122     AC: 21    Str: 13    XL:     15   Next: 82%
Magic:  32/32      EV: -1    Int: 16    God:    Ashenzari [**....]
Gold:   1740       SH:  0    Dex: 15    Spells: 6/40 levels left

rFire    . . .     SeeInvis +   b - +0 scimitar (pain)
rCold    . . .     Faith    .   s - +0 kite shield
rNeg     + + +     Spirit   .   I - +0 acid dragon scales
rPois    ∞         Reflect  +   v - +2 helmet of Ashenzari's Comet {Self, Fort} (curse)
rElec    .         Harm     .   d - +0 cloak
rCorr    +         Rampage  .   R - +2 pair of gloves "Lashed With Me" {Dex+3, Cun, Comp} (curse)
Will     +....                  j - +2 pair of boots "Per Aspera Ad Scientiam" {Elem, Evo} (curse)
Stlth    +++++.....             q - amulet of reflection
HPRegen  0.30/turn              B - ring of the Hare {EV+8, Self, Elem} (curse)
MPRegen  0.23/turn              l - ring of wizardry

@: about to teleport, petrified, grasped by roots, constricted, studying
Translocations
A: fangs 1, strong nose, distributed training
a: Renounce Religion, Curse Item, Shatter the Chains


You were on level 14 of the Dungeon.
You worshipped Ashenzari.
Ashenzari was pleased with you.
You visited 4 branches of the dungeon, and saw 23 of its levels.
You visited the Abyss 1 time.
You also visited: Ice Cave.

You collected 2464 gold pieces.
You spent 724 gold pieces at shops.

Inventory:

Hand Weapons
 b - a +0 scimitar of pain (weapon)
 u - the +4 hunting sling "Uginteh" {flame, rC+ rCorr Int+4 Stlth+}
   (You found it on level 4 of the Dungeon)

   It causes projectiles fired from it to burn those they strike, causing extra
   injury to most foes and up to half again as much damage against particularly
   susceptible opponents.
   It affects your intelligence (+4).
   It protects you from cold.
   It protects you from acid and corrosion.
   It makes you more stealthy.
Missiles
 c - 656 stones
 h - 11 javelins
 n - 144 poisoned darts
 r - 209 sling bullets
 y - a throwing net
Armour
 d - a +0 cloak (worn)
 j - the cursed +2 pair of boots "Per Aspera Ad Scientiam" (worn) {Elem, Evo}
   (You found it on level 5 of the Dungeon)

   It has a curse which improves the following skills: Elements: Fire Magic, Ice
   Magic, Air Magic and Earth Magic.
   Evocations: Evocations.
 s - a +0 kite shield (worn)
 v - the cursed +2 helmet of Ashenzari's Comet (worn) {Self, Fort}
   (You found it on level 4 of the Dungeon)

   It has a curse which improves the following skills: Introspection: Fighting
   and Spellcasting.
   Fortitude: Armour and Shields.
 I - +0 acid dragon scales (worn)
 R - the cursed +2 pair of gloves "Lashed With Me" (worn) {Dex+3, Cun, Comp}
   (You bought it in a shop on level 12 of the Dungeon)

   It has a curse which improves the following skills: Cunning: Dodging and
   Stealth.
   Companions: Summonings and Necromancy.
Magical Staves
 a - a staff of air
Jewellery
 l - a ring of wizardry (right hand)
 m - a ring of ice
 q - an amulet of reflection (around neck)
 B - the cursed ring of the Hare (left hand) {EV+8, Self, Elem}
   (You took it off a gnoll on level 6 of the Dungeon)

   [ring of evasion]

   It affects your evasion (+8).
   It has a curse which improves the following skills: Introspection: Fighting
   and Spellcasting.
   Elements:  Fire Magic, Ice Magic, Air Magic and Earth Magic.
 L - a ring of magical power
Wands
 i - a wand of flame (72)
 w - a wand of polymorph (10)
 H - a wand of paralysis (4)
 J - a wand of charming (5)
 M - a wand of acid (3)
 O - a wand of mindburst (13)
 Q - a wand of iceblast (4)
Scrolls
 e - 9 scrolls of teleportation
 t - 2 scrolls of amnesia
 C - a scroll of magic mapping
 D - 6 scrolls of enchant weapon
 P - a scroll of fog
Potions
 f - a potion of degeneration
 g - 3 potions of curing
 k - a potion of haste
 o - 10 potions of brilliance
 p - 2 potions of mutation
 x - a potion of ambrosia
 A - 3 potions of flight
 F - 5 potions of lignification
 K - a potion of berserk rage
 N - 2 potions of resistance
Miscellaneous
 G - a phantom mirror


   Skills:
 + Level 10.3(12.4) Fighting
 + Level 10.3 Short Blades
 + Level 10.3 Long Blades
 + Level 10.3 Axes
 + Level 10.3 Maces & Flails
 + Level 10.3 Polearms
 + Level 10.3 Staves
 + Level 10.3 Slings
 + Level 10.3 Bows
 + Level 10.3 Crossbows
 + Level 10.3 Throwing
 + Level 10.3(11.6) Armour
 + Level 11.2(12.5) Dodging
 + Level 11.1(12.3) Stealth
 + Level 10.3(11.6) Shields
 + Level 10.3 Unarmed Combat
 + Level 11.3(13.4) Spellcasting
 + Level 9.0 Conjurations
 + Level 8.7 Hexes
 + Level 8.7(10.1) Summonings
 + Level 8.7(10.1) Necromancy
 + Level 12.0 Translocations
 + Level 8.7 Transmutations
 + Level 8.7(11.0) Fire Magic
 + Level 8.7(11.0) Ice Magic
 + Level 10.3(12.4) Air Magic
 + Level 8.7(11.0) Earth Magic
 + Level 8.7 Poison Magic
 + Level 11.2 Invocations
 + Level 10.3(11.6) Evocations


You had 6 spell levels left.
You knew the following spells:

 Your Spells              Type           Power      Damage    Failure   Level
a - Shock                 Conj/Air       100%       1d9       1%          1
b - Static Discharge      Conj/Air       45%        N/A       1%          2
c - Swiftness             Air            50%        N/A       1%          3
d - Airstrike             Air            25%        N/A       1%          4
e - Vampiric Draining     Necr           21%        2d9       1%          3
f - Lightning Bolt        Conj/Air       22%        1d38      1%          5
g - Mephitic Cloud        Conj/Pois/Air  42%        N/A       1%          3
h - Ignite Poison         Fire/Tmut/Pois 41%        N/A       1%          3
i - Apportation           Tloc           98%        N/A       1%          1
j - Olgreb's Toxic Radia  Pois           38%        N/A       1%          4
k - Agony                 Necr           43%        N/A       2%          5

Your spell library contained the following spells:

 Spells                   Type           Power      Damage    Failure   Level
 Animate Skeleton         Necr           86%        N/A       1%          1
 Corona                   Hex            42%        N/A       1%          1
 Magic Dart               Conj           100%       1d8       1%          1
 Pain                     Necr           100%       1d9       1%          1
 Sting                    Tmut/Pois      100%       1d8       1%          1
 Summon Small Mammal      Summ           100%       N/A       1%          1
 Poisonous Vapours        Pois/Air       88%        N/A       1%          2
 Searing Ray              Conj           78%        3d6       1%          2
 Confusing Touch          Hex            38%        N/A       1%          3
 Dazzling Flash           Conj/Hex       78%        N/A       1%          3
 Gell's Gravitas          Tloc           24%        N/A       1%          3
 Animate Dead             Necr           21%        N/A       1%          4
 Fulminant Prism          Conj/Hex       19%        3d11      1%          4
 Iskenderun's Mystic Bla  Conj/Tloc      44%        2d10      1%          4
 Petrify                  Tmut/Erth      42%        N/A       1%          4
 Metabolic Englaciation   Hex/Ice        21%        N/A       2%          5
 Yara's Violent Unravell  Hex/Tmut       19%        3d9       4%          5


Dungeon Overview and Level Annotations

Branches:
Dungeon (14/15)            Temple (1/1) D:5            Lair (6/6) D:10
 Shoals (0/4) Lair:4       Spider (0/4) Lair:3        Slime (0/5) Lair:5
    Orc (2/2) D:9             Elf (0/3) Orc:2        Vaults (0/5) D:13
  IceCv (visited)

Altars:
Ashenzari
Cheibriados
Dithmenos
Elyvilon
Fedhas
Gozag
Hepliaklqana
Kikubaaqudgha
Makhleb
Nemelex Xobeh
Okawaru
Qazlal
Ru
Sif Muna
Trog
Uskayaw
Vehumet
Wu Jian
Xom
Yredelemnul
Zin
The Shining One
Beogh
Jiyva

Shops:
D:2 :   D:3 (   D:12 [   Orc:2 [[??

Annotations:
D:7 1 exclusion
D:12 1 runed translucent door, Uddineur's ghost, novice DrFE
D:14 Jorgrun; Louise
Lair:1 2 transporters, exclusion: oklob plant, deadmanwalking's ghost, journeyman KoEn
Orc:1 1 runed translucent door, Nolbo's ghost, journeyman NaIE


Innate Abilities, Weirdness & Mutations

You have very sharp teeth.
Your uncanny sense of smell can sniff out nearby items.
Your experience applies equally to all skills.


Message History

There is a gateway leading out of the Abyss here.
As you read the scroll of teleportation, it crumbles to dust.
You feel strangely unstable.
You feel the power of the Abyss delaying your translocation!
You pass through the gate.
Welcome back to the Dungeon!
Level annotation: Jorgrun; Louise
There is a stone staircase leading up here.
Okay, then.
Louise gestures at you while chanting. The bolt of lightning misses you.
Jorgrun gestures at you while chanting.
You are slowing down.
Your limbs are stiffening.
You have turned to stone.
Jorgrun says, "'tis place shall be yer tomb!"
Jorgrun casts a spell at you.
Roots burst forth from the earth!
The grasping roots grab you!
* * * LOW HITPOINT WARNING * * *
The grasping roots constrict you!
Louise hits you from afar with a +4 demon trident of freezing!
* * * LOW HITPOINT WARNING * * *
Louise freezes you.
* * * LOW HITPOINT WARNING * * *
* * * LOW HITPOINT WARNING * * *
The grasping roots constrict you.
Louise hits you from afar with a +4 demon trident of freezing!
* * * LOW HITPOINT WARNING * * *
Louise freezes you.
* * * LOW HITPOINT WARNING * * *
* * * LOW HITPOINT WARNING * * *
The grasping roots constrict you!
Louise hits you from afar with a +4 demon trident of freezing!
* * * LOW HITPOINT WARNING * * *
Louise freezes you.
* * * LOW HITPOINT WARNING * * *
The grasping roots constrict you.
Louise hits you from afar with a +4 demon trident of freezing!
You die...

####....#...#..##.
#............#....
#.........<.......
#.................
#.................
#....<.......####.
#..@...##...##
#..g.########
#@...# ######


You could see Jorgrun and Louise.

Vanquished Creatures
  Saint Roka (Orc:2)
  Rupert (D:13)
  Nessos (Lair:4)
  A dire elephant (Lair:6)
  Josephine (Orc:1)
  Fannar (D:11)
  A great orb of eyes (Abyss:2)
  A boulder beetle (Lair:4)
  A rakshasa (D:13)
  4 hydras
  A merfolk avatar (Lair:6)
  A two-headed ogre (D:12)
  2 centaur warriors
  Urug (D:13)
  10 death yaks
  A large abomination (Abyss:2)
  A lindwurm (Lair:6)
  A deep elf pyromancer (D:12)
  A harpy (Lair:6)
  An oklob plant (Lair:1)
  4 orc knights
  3 orc sorcerers
  4 manticores
  A cyclops (D:11)
  3 ugly things
  4 black mambas
  11 elephants
  6 gargoyles
  A guardian serpent (shapeshifter) (Abyss:2)
  A smoke demon (Abyss:2)
  2 torpor snails
  11 cane toads
  13 rime drakes
  15 komodo dragons
  An ancient zyme (Abyss:2)
  A meliai (shapeshifter) (D:13)
  8 polar bears
  2 wind drakes (Lair:6)
  5 trolls
  2 hornets
  A slime creature (D:7)
  15 dream sheep
  7 blink frogs
  A snapping turtle (Lair:4)
  2 shadows (D:9)
  3 centaur simulacra (D:10)
  5 wyverns
  A ynoxinul (Abyss:2)
  5 wraiths
  16 humans (D:13)
  5 basilisks
  38 yaks
  3 vampire mosquitoes (D:10)
  9 steam dragons
  3 wargs
  29 water moccasins
  A two-headed ogre zombie (D:9)
  3 acid dragons
  41 orc warriors
  A hornet zombie (D:8)
  A sky beast (D:6)
  2 black bears
  5 ogres
  6 ice beasts (IceCv)
  20 wolves
  A phantom (D:4)
  14 centaurs
  5 kobold brigands
  Blork the orc (D:5)
  11 bullfrogs
  A wyvern zombie (D:8)
  A gnoll sergeant (D:9)
  6 scorpions
  2 small abominations (Abyss:2)
  3 troll zombies (D:9)
  9 killer bees
  3 wights (D:8)
  4 electric eels
  A howler monkey (D:4)
  A bullfrog zombie (D:5)
  3 bullfrog skeletons
  A centaur skeleton (D:5)
  A centaur zombie (D:8)
  4 hounds
  A jelly (D:7)
  12 orc priests
  4 iguanas
  13 orc wizards
  6 hell rats
  3 ogre zombies (D:9)
  A hound zombie (D:5)
  A howler monkey zombie (D:6)
  11 gnolls
  9 adders
  A shadow imp (D:8)
  6 white imps
  An ufetubus (D:6)
  2 worms (D:3)
  A dart slug (D:1)
  70 orcs
  7 ball pythons
  9 endoplasms
  4 giant cockroaches
  7 goblins
  8 hobgoblins
  10 jackals
  7 quokkas
  2 bats
  3 frilled lizards
  A goblin skeleton (D:9)
  2 goblin zombies (D:9)
  4 hobgoblin zombies (D:9)
  26 kobolds
  An orc skeleton (D:9)
  15 orc zombies (D:9)
  3 rats
677 creatures vanquished.

Vanquished Creatures (others)
  An orc wizard (Orc:1)
  61 fungi
  91 plants
153 creatures vanquished.

Grand Total: 830 creatures vanquished

Notes
Turn   | Place    | Note
-------+----------+-------------------------------------------
     0 | D:1      | Strat the Gnoll Air Elementalist began the quest for the
                  | Orb.
     0 | D:1      | Reached XP level 1. HP: 13/13 MP: 6/6
   298 | D:1      | Reached XP level 2. HP: 19/19 MP: 4/7
   580 | D:1      | Learned a level 2 spell: Static Discharge
   723 | D:1      | Reached XP level 3. HP: 25/25 MP: 5/9
   769 | D:1      | Found a faded altar of an unknown god.
   794 | D:1      | Reached skill level 5 in Spellcasting
  1385 | D:2      | Learned a level 3 spell: Swiftness
  1446 | D:2      | Reached skill level 1 in Invocations
  1549 | D:2      | Reached skill level 1 in Fighting
  1549 | D:2      | Reached skill level 1 in Short Blades
  1549 | D:2      | Reached skill level 1 in Long Blades
  1549 | D:2      | Reached skill level 1 in Axes
  1549 | D:2      | Reached skill level 1 in Maces & Flails
  1549 | D:2      | Reached skill level 1 in Polearms
  1549 | D:2      | Reached skill level 1 in Staves
  1549 | D:2      | Reached skill level 1 in Slings
  1549 | D:2      | Reached skill level 1 in Bows
  1549 | D:2      | Reached skill level 1 in Crossbows
  1549 | D:2      | Reached skill level 1 in Throwing
  1549 | D:2      | Reached skill level 1 in Armour
  1549 | D:2      | Reached skill level 1 in Shields
  1549 | D:2      | Reached skill level 1 in Unarmed Combat
  1549 | D:2      | Reached skill level 1 in Evocations
  1720 | D:2      | Found Nimim's Book Shoppe.
  1753 | D:2      | Reached XP level 4. HP: 32/32 MP: 9/11
  1758 | D:2      | Learned a level 4 spell: Airstrike
  2642 | D:3      | Reached skill level 1 in Hexes
  2642 | D:3      | Reached skill level 1 in Summonings
  2642 | D:3      | Reached skill level 1 in Necromancy
  2642 | D:3      | Reached skill level 1 in Translocations
  2642 | D:3      | Reached skill level 1 in Transmutations
  2642 | D:3      | Reached skill level 1 in Fire Magic
  2642 | D:3      | Reached skill level 1 in Ice Magic
  2642 | D:3      | Reached skill level 1 in Earth Magic
  2642 | D:3      | Reached skill level 1 in Poison Magic
  2762 | D:3      | Found Kaguuttu's Weapon Shop.
  2821 | D:3      | Noticed a +0 dagger
  2822 | D:3      | Noticed a +0 dagger
  2825 | D:3      | Found a hide-covered altar of Uskayaw.
  3397 | D:4      | Reached XP level 5. HP: 37/37 MP: 12/12
  3401 | D:4      | Learned a level 3 spell: Vampiric Draining
  3611 | D:4      | Identified the +4 hunting sling "Uginteh" {flame, rC+ rCorr
                  | Int+4 Stlth+}
  4060 | D:4      | Noticed a kobold brigand
  4093 | D:5      | Entered Level 5 of the Dungeon
  4353 | D:5      | Reached XP level 6. HP: 38/44 MP: 7/14
  4473 | D:5      | Reached skill level 5 in Dodging
  4574 | D:5      | Reached skill level 2 in Translocations
  4936 | D:5      | Reached XP level 7. HP: 32/50 MP: 4/15
  5291 | D:5      | Noticed Blork the orc
  5937 | D:4      | Reached skill level 5 in Stealth
  6426 | D:4      | Reached skill level 3 in Translocations
  6600 | D:5      | Reached XP level 8. HP: 54/57 MP: 8/16
  6674 | D:5      | Found a staircase to the Ecumenical Temple.
  6682 | Temple   | Entered the Ecumenical Temple
  7192 | D:5      | Killed Blork the orc
  8264 | D:6      | Reached skill level 4 in Translocations
  8778 | D:7      | Reached XP level 9. HP: 47/65 MP: 11/18
  9410 | D:7      | Identified the +0 cloak "Rifruec" {rF++ rN+ Regen+ Int-5}
  9683 | D:7      | Found a burning altar of Makhleb.
  9827 | D:7      | Reached skill level 5 in Translocations
 10268 | D:8      | Reached skill level 5 in Invocations
 10921 | D:8      | Reached XP level 10. HP: 61/73 MP: 5/20
 11194 | D:7      | Reached skill level 5 in Fighting
 11194 | D:7      | Reached skill level 5 in Short Blades
 11194 | D:7      | Reached skill level 5 in Long Blades
 11194 | D:7      | Reached skill level 5 in Axes
 11194 | D:7      | Reached skill level 5 in Maces & Flails
 11194 | D:7      | Reached skill level 5 in Polearms
 11194 | D:7      | Reached skill level 5 in Staves
 11194 | D:7      | Reached skill level 5 in Slings
 11194 | D:7      | Reached skill level 5 in Bows
 11194 | D:7      | Reached skill level 5 in Crossbows
 11194 | D:7      | Reached skill level 5 in Throwing
 11194 | D:7      | Reached skill level 5 in Armour
 11194 | D:7      | Reached skill level 5 in Shields
 11194 | D:7      | Reached skill level 5 in Unarmed Combat
 11194 | D:7      | Reached skill level 5 in Evocations
 12058 | D:8      | Reached skill level 6 in Translocations
 12281 | D:8      | Learned a level 5 spell: Lightning Bolt
 12362 | D:8      | Reached skill level 5 in Conjurations
 12707 | D:9      | Found a radiant altar of Vehumet.
 13143 | D:9      | Noticed a gargoyle
 13233 | D:9      | Found a blossoming altar of Fedhas.
 13265 | D:9      | Found a staircase to the Orcish Mines.
 13482 | D:9      | Killed a gargoyle
 15015 | D:10     | Entered Level 10 of the Dungeon
 15134 | D:10     | Reached XP level 11. HP: 32/81 MP: 9/22
 15645 | D:10     | Reached skill level 7 in Translocations
 15864 | D:10     | Reached skill level 5 in Hexes
 15864 | D:10     | Reached skill level 5 in Summonings
 15864 | D:10     | Reached skill level 5 in Necromancy
 15864 | D:10     | Reached skill level 5 in Transmutations
 15864 | D:10     | Reached skill level 5 in Fire Magic
 15864 | D:10     | Reached skill level 5 in Ice Magic
 15864 | D:10     | Reached skill level 5 in Earth Magic
 15864 | D:10     | Reached skill level 5 in Poison Magic
 16636 | D:10     | Found a staircase to the Lair.
 16713 | D:10     | Found a basalt altar of Yredelemnul.
 16713 | D:10     | Found a broken altar of Ashenzari.
 16721 | D:10     | Found a shimmering blue altar of Sif Muna.
 16727 | D:10     | Found an ornate altar of the Wu Jian Council.
 16750 | D:10     | Found a faded altar of an unknown god.
 16791 | D:10     | Became a worshipper of Ashenzari the Shackled
 17547 | D:11     | Identified the +6 war axe "Duijuria" {freeze, Str+3 Dex+4}
 17693 | D:11     | Noticed a manticore
 17698 | D:11     | Killed a manticore
 17956 | D:11     | Noticed a cyclops
 18018 | D:11     | Killed a cyclops
 18272 | D:9      | Reached * piety under Ashenzari
 18344 | Lair:1   | Entered Level 1 of the Lair of Beasts
 18463 | Lair:1   | Noticed a four-headed hydra
 18561 | Lair:1   | Killed a four-headed hydra
 18857 | Lair:1   | Learned a level 3 spell: Mephitic Cloud
 18861 | Lair:1   | Learned a level 3 spell: Ignite Poison
 19250 | Lair:1   | Reached skill level 8 in Translocations
 19264 | Lair:1   | Reached XP level 12. HP: 92/92 MP: 25/25
 19449 | Lair:1   | Noticed a spriggan berserker
 19449 | Lair:1   | Noticed deadmanwalking's ghost (journeyman KoEn)
 19454 | Lair:1   | Found a bloodstained altar of Trog.
 19479 | Lair:1   | Found a transporter.
 19508 | Lair:1   | Found a transporter.
 21047 | Lair:2   | Identified the +6 hand axe of the Skies Above {vorpal,
                  | Will+ Str+3 Int+3 Stlth+}
 21069 | Lair:2   | Noticed a seven-headed hydra
 21637 | Lair:2   | Noticed a death yak
 21665 | Lair:2   | Noticed a death yak
 21685 | Lair:2   | Killed a death yak
 21791 | Lair:2   | Noticed a death yak
 21821 | Lair:2   | Killed a death yak
 21823 | Lair:2   | Killed a death yak
 22278 | Lair:2   | Reached skill level 9 in Translocations
 22597 | Lair:3   | Noticed a death yak
 22597 | Lair:3   | Noticed a death yak
 22619 | Lair:3   | Found a hole to the Spider Nest.
 22832 | Lair:3   | Noticed a five-headed hydra
 22840 | Lair:3   | Killed a five-headed hydra
 23192 | Lair:3   | Learned a level 1 spell: Apportation
 23339 | Lair:3   | Reached XP level 13. HP: 100/100 MP: 11/27
 25347 | Lair:4   | Found a staircase to the Shoals.
 25347 | Lair:4   | Noticed Nessos
 25528 | Lair:4   | Killed Nessos
 26286 | Lair:5   | Found a viscous altar of Jiyva.
 26802 | Lair:5   | Found a staircase to the Slime Pits.
 27271 | Lair:6   | Entered Level 6 of the Lair of Beasts
 27428 | Lair:5   | Reached skill level 10 in Translocations
 27772 | Lair:6   | Reached skill level 10 in Spellcasting
 28342 | Lair:6   | Noticed a dire elephant
 28552 | Lair:6   | Reached XP level 14. HP: 109/109 MP: 25/29
 28717 | Lair:5   | Reached skill level 10 in Dodging
 29653 | Lair:6   | Killed a dire elephant
 29654 | Lair:6   | Reached skill level 10 in Stealth
 30503 | Lair:6   | Reached skill level 10 in Invocations
 31463 | Lair:6   | Reached ** piety under Ashenzari
 31973 | Lair:6   | Reached skill level 11 in Translocations
 32309 | Lair:6   | Learned a level 4 spell: Olgreb's Toxic Radiance
 32653 | Lair:6   | Found the +3 crown of Dyrovepreva {rElec Int+2 SInv}
 32958 | Orc:1    | Entered Level 1 of the Orcish Mines
 32958 | Orc:1    | Noticed Josephine
 33284 | Orc:1    | Killed Josephine
 34005 | Orc:1    | Found a runed translucent door.
 34005 | Orc:1    | Found a shimmering altar of Xom.
 34005 | Orc:1    | Noticed Nolbo's ghost (journeyman NaIE)
 34006 | Orc:1    | Identified the +0 scale mail of the Moneychanger {rN++
                  | Str+5 Int-2}
 34194 | Orc:2    | Entered Level 2 of the Orcish Mines
 34219 | Orc:2    | Noticed Saint Roka
 34645 | Orc:2    | Found a staircase to the Elven Halls.
 34655 | Orc:1    | Reached XP level 15. HP: 106/120 MP: 31/31
 34831 | Orc:2    | Learned a level 5 spell: Agony
 36093 | Orc:2    | Found Qoruom Uma's Magic Scroll Boutique.
 36093 | Orc:2    | Found Qaahyn's Armour Shoppe.
 36095 | Orc:2    | Found Qota's Antique Armour Emporium.
 36097 | Orc:2    | Found Vuxeeddiga's Magic Scroll Shop.
 36113 | Orc:2    | Bought a scroll of enchant weapon for 97 gold pieces
 36113 | Orc:2    | Bought a scroll of enchant weapon for 97 gold pieces
 36113 | Orc:2    | Bought a scroll of blinking for 97 gold pieces
 36115 | Orc:2    | Bought a scroll of teleportation for 39 gold pieces
 36115 | Orc:2    | Bought a scroll of teleportation for 39 gold pieces
 36115 | Orc:2    | Bought a scroll of teleportation for 39 gold pieces
 36115 | Orc:2    | Bought a scroll of teleportation for 39 gold pieces
 36358 | Orc:2    | Killed Saint Roka
 36359 | Orc:2    | Reached skill level 10 in Air Magic
 36950 | D:11     | Noticed Fannar
 36960 | D:11     | Killed Fannar
 36961 | D:11     | Reached skill level 10 in Fighting
 36961 | D:11     | Reached skill level 10 in Short Blades
 36961 | D:11     | Reached skill level 10 in Long Blades
 36961 | D:11     | Reached skill level 10 in Axes
 36961 | D:11     | Reached skill level 10 in Maces & Flails
 36961 | D:11     | Reached skill level 10 in Polearms
 36961 | D:11     | Reached skill level 10 in Staves
 36961 | D:11     | Reached skill level 10 in Slings
 36961 | D:11     | Reached skill level 10 in Bows
 36961 | D:11     | Reached skill level 10 in Crossbows
 36961 | D:11     | Reached skill level 10 in Throwing
 36961 | D:11     | Reached skill level 10 in Armour
 36961 | D:11     | Reached skill level 10 in Shields
 36961 | D:11     | Reached skill level 10 in Unarmed Combat
 36961 | D:11     | Reached skill level 10 in Evocations
 37213 | D:12     | Found a frozen archway.
 37222 | IceCv    | Entered an ice cave
 37331 | IceCv    | Found a transporter.
 37647 | D:12     | Found Loj Nias's Antique Armour Emporium.
 37653 | D:12     | Bought a pair of glowing gloves for 277 gold pieces
 37864 | D:12     | Found a runed translucent door.
 37864 | D:12     | Noticed Uddineur's ghost (novice DrFE)
 38050 | D:13     | Found a gate to the Vaults.
 38050 | D:13     | Noticed Rupert
 38050 | D:13     | Noticed Urug
 38410 | D:13     | Killed Urug
 38722 | D:13     | Identified the +2 robe of Baopaqit {rPois rC- Regen+ rCorr}
 38878 | D:13     | Killed Rupert
 39768 | D:14     | Noticed Louise
 39769 | D:14     | Noticed Jorgrun
 39779 | D:14     | Cast into level 2 of the Abyss (Louise)
 39863 | Abyss:2  | Noticed a tentacled monstrosity
 40011 | Abyss:2  | Identified the +7 chain mail "Sinuo" {rN+}
 40084 | Abyss:2  | Reached skill level 12 in Translocations
 40245 | D:14     | Escaped the Abyss
 40252 | D:14     | HP: 3/122 [Louise/+4 demon trident of freezing (6)]
 40252 | D:14     | HP: 1/122 [Louise/+4 demon trident of freezing (2)]
 40253 | D:14     | Slain by Louise

Illustrated notes

Levels and vault maps discovered:
D:1:      evilmike_arrival_plus, layout_basic, ebering_ecumenical_altar_hall
D:2:      layout_basic, serial_shops, nicolae_shop_waterfront,
          nrook_mini_backslash
D:3:      layout_loops_cross, dancing_weapons_uskayaw, serial_shops,
          nicolae_shop_stone
D:4:      layout_loops_ring, grunt_ministairs_5, kennysheep_nondescript,
          minmay_manual_maat
D:5:      layout_loops_cross, minmay_temple_entry_fiery,
          nicolae_ossuary_entry_ruins, serial_bayou_pond_b, uniq_blork_the_orc
D:6:      minmay_bubble_buster, layout_loops_ring, grunt_ministairs_2
D:7:      cheibrodos_two_vegetables, layout_loops_ring, amcnicky_altar_gilded
D:8:      layout_loops_corners, lightli_minifort
D:9:      layout_loops_ring, kennysheep_mini_moat, nicolae_vehumet_altar_sigil,
          zombieorc2_lemuel
D:10:     layout_long_grid, chequers_temple_overflow_minitemple,
          lair_entry_dummy, serial_ice, serial_ice_a, serial_ice_h,
          serial_ice_d, serial_ice_k
D:11:     layout_irregular_city, evilmike_butchery, uniq_fannar
D:12:     layout_roguey, gammafunk_ghost_grave, portal_ice_cave_rime,
          serial_shops, kennysheep_little_box
D:13:     layout_layer_cave, david_vaults_3
D:14:     layout_rooms, uniq_jorgrun, uniq_louise
Temple:   eino_temple_water
Lair:1:   layout_small_grid, gammafunk_ghost_wrathful_warriors,
          minmay_lair_oklob_chamber
Lair:2:   layout_small_grid, gauntlet_entry_generic, st_stairs_11,
          beast_lair_carwin_4
Lair:3:   layout_cave_pods, spider_nest_entry_web_field
Lair:4:   layout_regular_city, minmay_shoals_entry_hut, serial_bayou_shore_a,
          uniq_nessos
Lair:5:   layout_concentric_octagons, slime_altar_1, uniq_urug
Lair:6:   gammafunk_lair_ancient_temple, layout_regular_city,
          bobbens_dragon_lair_wall
Orc:1:    layout_caves, ebering_ghost_xom, uniq_josephine
Orc:2:    st_orc_rangers, layout_caves, basic_altar, uniq_saint_roka

Skill      XL: |  1  2  3  4  5  6  7  8  9 10 11 12 13 14 15 |
---------------+----------------------------------------------+-----
Conjurations   | 2 3 4 5 6 7 8 9 |  9.0
Spellcasting   | 5 6 7 8 9 10 11 | 11.3
Invocations    | 1 2 3 4 5 6 7 8 9 10 11 | 11.2
Fighting       | 1 2 3 4 5 6 7 8 9 10 | 10.3
Short Blades   | 1 2 3 4 5 6 7 8 9 10 | 10.3
Long Blades    | 1 2 3 4 5 6 7 8 9 10 | 10.3
Axes           | 1 2 3 4 5 6 7 8 9 10 | 10.3
Maces & Flails | 1 2 3 4 5 6 7 8 9 10 | 10.3
Polearms       | 1 2 3 4 5 6 7 8 9 10 | 10.3
Staves         | 1 2 3 4 5 6 7 8 9 10 | 10.3
Slings         | 1 2 3 4 5 6 7 8 9 10 | 10.3
Bows           | 1 2 3 4 5 6 7 8 9 10 | 10.3
Crossbows      | 1 2 3 4 5 6 7 8 9 10 | 10.3
Throwing       | 1 2 3 4 5 6 7 8 9 10 | 10.3
Armour         | 1 2 3 4 5 6 7 8 9 10 | 10.3
Shields        | 1 2 3 4 5 6 7 8 9 10 | 10.3
Unarmed Combat | 1 2 3 4 5 6 7 8 9 10 | 10.3
Evocations     | 1 2 3 4 5 6 7 8 9 10 | 10.3
Hexes          | 1 2 3 4 5 6 7 8 |  8.7
Summonings     | 1 2 3 4 5 6 7 8 |  8.7
Necromancy     | 1 2 3 4 5 6 7 8 |  8.7
Translocations | 1 2 3 4 5 6 8 9 10 11 12 | 12.0
Transmutations | 1 2 3 4 5 6 7 8 |  8.7
Fire Magic     | 1 2 3 4 5 6 7 8 |  8.7
Ice Magic      | 1 2 3 4 5 6 7 8 |  8.7
Earth Magic    | 1 2 3 4 5 6 7 8 |  8.7
Poison Magic   | 1 2 3 4 5 6 7 8 |  8.7
Dodging        | 5 6 7 8 9 10 11 | 11.2
Stealth        | 5 6 7 8 9 10 11 | 11.1
Air Magic      | 6 7 8 9 10 | 10.3

Action                   |  1- 3 |  4- 6 |  7- 9 | 10-12 | 13-15 || total
-------------------------+-------+-------+-------+-------+-------++-------
Melee: Short sword       |     1 |    74 |       |       |       ||    75
       Bite              |       |     5 |    28 |    63 |   169 ||   265
       Spear             |       |    10 |   303 |       |       ||   313
       Staff             |       |       |     4 |    14 |       ||    18
       Punch             |       |       |     2 |     9 |       ||    11
       Scimitar          |       |       |    14 |   490 |  1166 ||  1670
 Fire: Hunting sling     |       |     5 |       |       |       ||     5
 Cast: Shock             |    71 |    28 |    47 |    22 |       ||   168
       Static Discharge  |     1 |    22 |    96 |    44 |    15 ||   178
       Airstrike         |       |       |     3 |   170 |   248 ||   421
       Lightning Bolt    |       |       |       |    10 |     1 ||    11
       Mephitic Cloud    |       |       |       |     1 |    18 ||    19
       Ignite Poison     |       |       |       |     1 |    38 ||    39
       Swiftness         |       |       |       |       |     1 ||     1
       Olgreb's Toxic Ra |       |       |       |       |    42 ||    42
Invok: Curse Item        |       |       |       |     2 |     2 ||     4
Evoke: Wand              |       |       |     2 |     3 |     9 ||    14
  Use: Scroll            |     1 |     1 |    13 |     6 |     5 ||    26
       Potion            |       |       |     2 |     2 |     9 ||    13
 Stab: Sleeping          |       |    12 |     3 |     2 |    12 ||    29
       Distracted        |       |       |     1 |     3 |       ||     4
Armor: Robe              |     1 |     5 |       |       |       ||     6
       Leather armour    |       |     7 |    86 |    48 |       ||   141
       Acid dragon scale |       |       |       |    90 |   267 ||   357
Dodge: Dodged            |     2 |    73 |   305 |   498 |   976 ||  1854
Block: Kite shield       |       |       |       |   120 |   974 ||  1094
       Reflection        |       |       |       |       |    56 ||    56
       Rpst.: Scimitar   |       |       |     6 |   129 |   236 ||   371

Table legend: (Time is in decaauts)
 A = Elapsed time spent in this place.
 B = Non-inter-level travel time spent in this place.
 C = Inter-level travel time spent in this place.
 D = Time resting spent in this place.
 E = Time spent auto-exploring this place.
 F = Levels seen in this place.
 G = Mean time per level.
                   A        B        C        D        E       F      G
               +--------+--------+--------+--------+--------+-----+--------+
         Total |  40447 |  38917 |   1530 |  13375 |  17467 |  25 | 1617.9 |
       Dungeon |  21463 |  20566 |    897 |   6154 |  10374 |  14 | 1533.1 |
        Temple |     94 |     81 |     13 |      0 |      8 |   1 |   94.0 |
          Lair |  14747 |  14228 |    519 |   5676 |   5796 |   6 | 2457.8 |
  Orcish Mines |   3545 |   3445 |    100 |   1271 |   1289 |   2 | 1772.5 |
         Abyss |    444 |    444 |      0 |    200 |      0 |   1 |  444.0 |
      Ice Cave |    150 |    150 |      0 |     74 |      0 |   1 |  150.0 |
               +--------+--------+--------+--------+--------+-----+--------+

Top non-repeatable levels by time:
  Lair:6: 3691 daAuts
     D:9: 2806 daAuts
  Lair:5: 2778 daAuts
  Lair:2: 2338 daAuts
     D:8: 2297 daAuts
  Lair:1: 2164 daAuts
    D:10: 2077 daAuts
  Lair:4: 1927 daAuts
     D:5: 1916 daAuts
  Lair:3: 1846 daAuts
   Orc:1: 1774 daAuts
   Orc:2: 1771 daAuts
     D:4: 1696 daAuts
     D:7: 1685 daAuts
    D:13: 1578 daAuts
